 Dungeon Crawl Stone Soup version 0.30-a0-800-g7c544603b3 (webtiles) character file.

Game seed: 15758151615860928023

2174 retardedninja the Shield-Bearer (level 9, -11/111 HPs)
             Began as a Gnoll Fighter on Feb 22, 2023.
             Mangled by Joseph
             ... wielding a +0 quarterstaff
              (17 damage)
             ... on level 7 of the Dungeon.
             The game lasted 00:08:07 (7207 turns).

retardedninja the Shield-Bearer (Gnoll Fighter)     Turns: 7207, Time: 00:08:08

Health: -11/111    AC: 24    Str: 19    XL:     9   Next: 32%
Magic:  15/15      EV:  2    Int:  7    God:
Gold:   376        SH: 12    Dex: 13    Spells: 16/16 levels left

rFire   . . .      SeeInvis +    a - +6 war axe (heavy)
rCold   . . .      Faith    .    c - +1 buckler
rNeg    . . .      Spirit   .    (body armour currently unavailable)
rPois   +          Reflect  +    (helmet currently unavailable)
rElec   .          Harm     .    (cloak currently unavailable)
rCorr   .          Rampage  .    (gloves currently unavailable)
Will    .....      NoTele   +    (boots currently unavailable)
Stlth   +++                      n - amulet of reflection
HPRegen 0.38/turn                v - ring of see invisible
MPRegen 0.14/turn                w - ring of flight

@: tree-form
A: stationary, stasis, torment immunity, boosted hp, (fangs 1), strong nose,
distributed training, wild magic 1
a: no special abilities


You were on level 7 of the Dungeon.
You were a tree.
You visited 1 branch of the dungeon, and saw 7 of its levels.

You collected 376 gold pieces.

Inventory:

Hand Weapons
 a - a +6 heavy war axe (weapon)
Armour
 c - a +1 buckler (worn)
 d - the +2 cloak "Bixael" (melded) {rElec rC+}
   (You found it on level 3 of the Dungeon)

   rC:        It protects you from cold.
   rElec:     It insulates you from electricity.
 j - a +1 plate armour (melded)
 y - a +0 helmet of intelligence (melded)
Jewellery
 n - an amulet of reflection (around neck)
 v - a ring of see invisible (left branch)
 w - a ring of flight (right branch)
Wands
 h - a wand of polymorph (2)
 i - a wand of roots (14)
 t - a wand of flame (7)
Scrolls
 f - a scroll of teleportation
 k - 2 scrolls of fog
 l - a scroll of fear
 o - a scroll of magic mapping
 p - a scroll of poison
 u - a scroll of silence {unknown}
 x - 2 scrolls of vulnerability {unknown}
Potions
 b - a potion of degeneration
 g - a potion of magic {unknown}
 r - 2 potions of brilliance


   Skills:
 + Level 7.9 Fighting
 + Level 4.3 Short Blades
 + Level 4.3 Long Blades
 + Level 6.3 Axes
 + Level 4.3 Maces & Flails
 + Level 4.3 Polearms
 + Level 4.3 Staves
 + Level 4.3 Ranged Weapons
 + Level 4.3 Throwing
 + Level 7.9 Armour
 + Level 4.3 Dodging
 + Level 4.3 Stealth
 + Level 7.9 Shields
 + Level 4.3 Unarmed Combat
 + Level 4.3 Spellcasting
 + Level 3.5 Conjurations
 + Level 3.5 Hexes
 + Level 3.5 Summonings
 + Level 3.5 Necromancy
 + Level 3.5 Translocations
 + Level 3.5 Transmutations
 + Level 3.5 Fire Magic
 + Level 3.5 Ice Magic
 + Level 3.5 Air Magic
 + Level 3.5 Earth Magic
 + Level 3.5 Poison Magic
 + Level 4.7 Invocations
 + Level 4.3 Evocations


You had 16 spell levels left.
You didn't know any spells.
Your spell library contained the following spells:

 Spells                   Type           Power      Damage    Failure   Level
 Kiss of Death            Conj/Necr      32%        2d7       13%         1
 Blink                    Tloc           16%        N/A       19%         2
 Ensorcelled Hibernation  Hex/Ice        16%        N/A       19%         2
 Passwall                 Tmut/Erth      6%         N/A       19%         2
 Confusing Touch          Hex            8%         N/A       34%         3
 Gell's Gravitas          Tloc           8%         N/A       34%         3
 Swiftness                Air            8%         N/A       34%         3
 Teleport Other           Tloc           8%         N/A       34%         3
 Vhi's Electric Charge    Tloc/Air       16%        N/A       34%         3
 Dispel Undead            Necr           8%         3d8       73%         4
 Manifold Assault         Tloc           8%         N/A       73%         4
 Arcjolt                  Conj/Air       4%         1d14      96%         5
 Dispersal                Tloc           4%         N/A       100%        6
 Storm Form               Tmut/Air       4%         N/A       100%        7
 Maxwell's Capacitive Co  Air            4%         ∞         100%        8


Dungeon Overview and Level Annotations

Branches:
Dungeon (7/15)
 Temple: D:4-7

Altars:
Kikubaaqudgha
Nemelex Xobeh
Qazlal
Trog
Vehumet
Wu Jian
Yredelemnul

Shops:
D:3 :

Annotations:
D:6 3 runed translucent doors, tgirl's ghost, novice SpHu
D:7 Joseph


Innate Abilities, Weirdness & Mutations

You are a tree.
Your roots penetrate the ground, keeping you stationary.
You cannot be teleported.
You are immune to unholy pain and torment.
Your maximum health is greatly increased.
Your equipment is partially melded.
((You have very sharp teeth.))
Your uncanny sense of smell can sniff out nearby items.
Your experience applies equally to all skills.
Your spells are a little harder to cast, but a little more powerful.


Message History

Found 4 stones.
Found a square golden amulet.
Joseph drinks a potion.
Joseph seems to grow stronger.
Joseph unwields a +0 sling of freezing.
Joseph wields a +0 quarterstaff.
Joseph hits you with a +0 quarterstaff!!
You are too injured to fight recklessly!
You are too injured to fight recklessly!
You are too injured to fight recklessly!
You are too injured to fight recklessly!
You barely miss Joseph.
Joseph is moderately wounded.
You block Joseph's attack. Joseph hits you with a +0 quarterstaff.
You closely miss Joseph.
Joseph is moderately wounded.
Joseph barely misses you. Joseph hits you but does no damage.
You slash Joseph!
Joseph is moderately wounded.
Joseph hits you with a +0 quarterstaff!
Joseph hits you with a +0 quarterstaff!!
* * * LOW HITPOINT WARNING * * *
You closely miss Joseph.
Joseph is moderately wounded.
You block Joseph's attack. Joseph hits you but does no damage.
It was a potion of lignification.
You turn into a tree.
The +2 cloak "Bixael" {rElec rC+} melds into your body.
Your +0 helmet of intelligence melds into your body.
Your +1 plate armour melds into your body.
You feel stupid.
Your roots penetrate the ground.
Joseph says, "I'm here to kill trespassers.
I like my job."
Joseph hits you with a +0 quarterstaff!
* * * LOW HITPOINT WARNING * * *
You hit Joseph.
Joseph is heavily wounded.
You block Joseph's attack. Joseph hits you with a +0 quarterstaff.
* * * LOW HITPOINT WARNING * * *
You slash Joseph!
Joseph is heavily wounded.
Joseph hits you with a +0 quarterstaff!
You die...

## ##. #.
###..##### ...
.........###...#
......@♣.#.)...
...........#.>
...?......##.#
.........###.#
.........##..#
(...........####.#
.......?.#........
###
.........#.#######
#.# #.########.#
#.#


You could see Joseph (strong).

Vanquished Creatures
  Maggie (D:7)
  Edmund (D:5)
  3 water moccasins
  An ice beast (D:5)
  2 black bears (D:6)
  An ogre (D:6)
  A centaur (D:6)
  A kobold brigand (D:6)
  A bullfrog (D:7)
  2 necrophages (D:5)
  A scorpion (D:5)
  3 killer bees (D:5)
  2 jellies (D:7)
  3 hounds
  An orc priest (D:4)
  Jessica (D:3)
  Terence (D:2)
  3 iguanas
  An orc wizard (D:6)
  6 adders
  11 gnolls
  A white imp (D:6)
  2 worms (D:2)
  8 dart slugs
  7 orcs
  6 ball pythons
  3 bats
  4 endoplasms
  17 giant cockroaches
  4 goblins
  3 hobgoblins
  2 jackals (D:2)
  A quokka (D:1)
  2 frilled lizards
  7 kobolds
  9 rats
  A spectral orc (D:6)
124 creatures vanquished.

Vanquished Creatures (others)
  A kobold (D:4)
1 creature vanquished.

Grand Total: 125 creatures vanquished

Notes
Turn   | Place    | Note
-------+----------+-------------------------------------------
     0 | D:1      | retardedninja the Gnoll Fighter began the quest for the
                  | Orb.
     0 | D:1      | Reached XP level 1. HP: 23/23 MP: 1/1
    22 | D:1      | Reached XP level 2. HP: 16/29 MP: 2/2
   405 | D:1      | Reached XP level 3. HP: 27/35 MP: 3/3
   465 | D:1      | Found a faded altar of an unknown god.
   639 | D:1      | Reached skill level 1 in Invocations
   838 | D:2      | Reached skill level 1 in Short Blades
   838 | D:2      | Reached skill level 1 in Long Blades
   838 | D:2      | Reached skill level 1 in Maces & Flails
   838 | D:2      | Reached skill level 1 in Polearms
   838 | D:2      | Reached skill level 1 in Staves
   838 | D:2      | Reached skill level 1 in Ranged Weapons
   838 | D:2      | Reached skill level 1 in Throwing
   838 | D:2      | Reached skill level 1 in Dodging
   838 | D:2      | Reached skill level 1 in Stealth
   838 | D:2      | Reached skill level 1 in Unarmed Combat
   838 | D:2      | Reached skill level 1 in Spellcasting
   838 | D:2      | Reached skill level 1 in Evocations
   928 | D:2      | Identified the +1 chain mail of Summertime {rN+ Dex+3}
  1178 | D:2      | Reached XP level 4. HP: 40/41 MP: 5/5
  1420 | D:2      | Noticed Terence
  1432 | D:2      | Killed Terence
  1433 | D:2      | Reached skill level 1 in Conjurations
  1433 | D:2      | Reached skill level 1 in Hexes
  1433 | D:2      | Reached skill level 1 in Summonings
  1433 | D:2      | Reached skill level 1 in Necromancy
  1433 | D:2      | Reached skill level 1 in Translocations
  1433 | D:2      | Reached skill level 1 in Transmutations
  1433 | D:2      | Reached skill level 1 in Fire Magic
  1433 | D:2      | Reached skill level 1 in Ice Magic
  1433 | D:2      | Reached skill level 1 in Air Magic
  1433 | D:2      | Reached skill level 1 in Earth Magic
  1433 | D:2      | Reached skill level 1 in Poison Magic
  1815 | D:3      | Found Zaog's Book Shop.
  1942 | D:3      | Reached XP level 5. HP: 32/47 MP: 5/7
  2005 | D:3      | Identified the +2 cloak "Bixael" {rElec rC+}
  2013 | D:3      | Found an ornate altar of the Wu Jian Council.
  2388 | D:3      | Noticed Jessica
  2391 | D:3      | Killed Jessica
  2535 | D:4      | Reached XP level 6. HP: 20/53 MP: 8/8
  2991 | D:4      | Reached skill level 5 in Axes
  3722 | D:5      | Entered Level 5 of the Dungeon
  3800 | D:5      | Noticed an ice beast
  3831 | D:5      | Killed an ice beast
  3832 | D:5      | Reached XP level 7. HP: 60/60 MP: 10/10
  3860 | D:5      | Found an ancient bone altar of Kikubaaqudgha.
  4029 | D:5      | Found a bloodstained altar of Trog.
  4039 | D:5      | Gained mutation: You possess an exceptional clarity of
                  | mind. [potion of mutation]
  4039 | D:5      | Gained mutation: You have a pair of small horns on your
                  | head. [potion of mutation]
  4440 | D:5      | Lost mutation: You have a pair of small horns on your head.
                  | [potion of mutation]
  4440 | D:5      | Lost mutation: You possess an exceptional clarity of mind.
                  | [potion of mutation]
  4440 | D:5      | Gained mutation: Your spells are a little harder to cast,
                  | but a little more powerful. [potion of mutation]
  4626 | D:5      | Found a stormy altar of Qazlal.
  4862 | D:6      | Found a radiant altar of Vehumet.
  4905 | D:6      | Reached XP level 8. HP: 67/67 MP: 12/12
  4999 | D:6      | Noticed Edmund
  5335 | D:5      | HP: 2/54 [Edmund/+2 dire flail of draining (1)]
  5336 | D:5      | Killed Edmund
  5882 | D:6      | Found a basalt altar of Yredelemnul.
  5971 | D:6      | Found a runed translucent gate.
  5971 | D:6      | Found a runed translucent gate.
  5974 | D:6      | Found a runed translucent gate.
  5977 | D:6      | Noticed tgirl's ghost (novice SpHu)
  6253 | D:6      | Reached XP level 9. HP: 73/73 MP: 14/14
  6268 | D:6      | Found a sparkling altar of Nemelex Xobeh.
  6698 | D:7      | Noticed Maggie
  6712 | D:7      | Killed Maggie
  7194 | D:7      | Noticed Joseph
  7205 | D:7      | HP: 5/111 [Joseph/+0 quarterstaff (17)]
  7207 | D:7      | Mangled by Joseph

Illustrated notes

Levels and vault maps discovered:
D:1:      dpeg_arrival_ratfight, layout_rooms,
          hellmonk_ecumenical_altar_defaced_shrine, wad_floor_pattern_2
D:2:      layout_basic, uniq_terence
D:3:      minmay_roachtagon, layout_rooms, overflow_temple_1_default,
          serial_shops, nicolae_shop_statue_plus, minivault_27, uniq_jessica
D:4:      layout_cave_pods
D:5:      layout_rooms, nicolae_qazlal_scattered_showers,
          mainiacjoe_overflow_catwalk, trog_three_pillars_becter
D:6:      layout_loops_ring, mainiacjoe_overflow_brackets, kennysheep_mini_moat,
          yredelemnul_forgotten_temple_becter, gammafunk_ghost_necromancy,
          uniq_edmund
D:7:      layout_rooms, minmay_temple_entry_antechambers,
          minmay_misc_feat_ornament, minmay_fractal_squares_diagonal_5,
          uniq_crazy_yiuf_cottage, uniq_joseph, uniq_maggie

Skill      XL: |  1  2  3  4  5  6  7  8  9 |
---------------+----------------------------+-----
Invocations    | 1 2 3 4 |  4.7
Short Blades   | 1 2 3 4 |  4.3
Long Blades    | 1 2 3 4 |  4.3
Maces & Flails | 1 2 3 4 |  4.3
Polearms       | 1 2 3 4 |  4.3
Staves         | 1 2 3 4 |  4.3
Ranged Weapons | 1 2 3 4 |  4.3
Throwing       | 1 2 3 4 |  4.3
Dodging        | 1 2 3 4 |  4.3
Stealth        | 1 2 3 4 |  4.3
Unarmed Combat | 1 2 3 4 |  4.3
Spellcasting   | 1 2 3 4 |  4.3
Evocations     | 1 2 3 4 |  4.3
Conjurations   | 1 2 3 |  3.5
Hexes          | 1 2 3 |  3.5
Summonings     | 1 2 3 |  3.5
Necromancy     | 1 2 3 |  3.5
Translocations | 1 2 3 |  3.5
Transmutations | 1 2 3 |  3.5
Fire Magic     | 1 2 3 |  3.5
Ice Magic      | 1 2 3 |  3.5
Air Magic      | 1 2 3 |  3.5
Earth Magic    | 1 2 3 |  3.5
Poison Magic   | 1 2 3 |  3.5
Axes           | 5 6 |  6.3
Fighting       | 7 |  7.9
Armour         | 7 |  7.9
Shields        | 7 |  7.9

Action                     |  1- 3 |  4- 6 |  7- 9 || total
---------------------------+-------+-------+-------++-------
  Melee: War axe           |   103 |   160 |   142 ||   405
         Bite              |     7 |     9 |     8 ||    24
         Unarmed           |       |       |    21 ||    21
  Evoke: Wand              |       |       |     3 ||     3
    Use: Potion            |       |     2 |     6 ||     8
         Scroll            |       |       |    20 ||    20
 Armour: Scale mail        |    38 |       |       ||    38
         Plate armour      |    34 |    80 |    96 ||   210
         Skin              |       |       |     6 ||     6
  Dodge: Dodged            |    36 |    28 |    77 ||   141
  Block: Buckler           |    33 |    95 |   106 ||   234
         Reflection        |       |     3 |     5 ||     8
         Other             |       |       |     3 ||     3

Table legend: (Time is in decaauts)
 A = Elapsed time spent in this place.
 B = Non-inter-level travel time spent in this place.
 C = Inter-level travel time spent in this place.
 D = Time resting spent in this place.
 E = Time spent auto-exploring this place.
 F = Levels seen in this place.
 G = Mean time per level.
                   A        B        C        D        E       F      G
               +--------+--------+--------+--------+--------+-----+--------+
         Total |   7368 |   7122 |    246 |   2345 |   3643 |   7 | 1052.6 |
       Dungeon |   7368 |   7122 |    246 |   2345 |   3643 |   7 | 1052.6 |
               +--------+--------+--------+--------+--------+-----+--------+

Top non-repeatable levels by time:
     D:5: 1806 daAuts
     D:4: 1330 daAuts
     D:6: 1188 daAuts
     D:2: 1004 daAuts
     D:1: 810 daAuts
     D:3: 651 daAuts
     D:7: 577 daAuts
